 Dungeon Crawl Stone Soup version 0.30.1-3-gfc49f6343a (webtiles) character file.

Game seed: 4697243535807346894

57086 LynnLen the Transmogrifier (level 14, 0/105 HPs)
             Began as a Spriggan Enchanter on Aug 4, 2023.
             Was the Champion of Dithmenos.
             Shot with a bolt by an orc knight (15 damage)
             ... on level 2 of the Orcish Mines.
             The game lasted 01:30:28 (25492 turns).

LynnLen the Transmogrifier (Spriggan Enchanter)    Turns: 25492, Time: 01:30:29

Health: 0/105      AC: 16    Str: 14    XL:     14   Next: 44%
Magic:  29/29      EV: 13    Int: 21    God:    Dithmenos [******]
Gold:   1054       SH:  0    Dex: 16    Spells: 2/34 levels left

rFire   + + .        h - melded +4 dagger (protect)
rCold   x . .        (shield currently unavailable)
rNeg    . . .        e - melded +4 robe of the Beginning {+Blink Str+2}
rPois   +            x - melded +2 hat {Will+}
rElec   .            G - melded +2 cloak {Stlth+}
rCorr   .            (gloves unavailable)
SInv    +            (boots unavailable)
Will    +++..        o - amulet of regeneration
Stlth   ++++++++++   m - ring of willpower
HPRegen 1.17/turn    z - +4 ring of slaying
MPRegen 0.21/turn

%: no passive effects
@: dragon-form, flying, wreathed by umbra
A: dragon claw, dragon scales, breathe fire, flying, boosted hp, giant, no large
weapons, unfitting armour, see invisible, (speed 3)
a: Breathe Fire, End Transformation, Renounce Religion, Shadow Step, Shadow Form


You were on level 2 of the Orcish Mines.
You worshipped Dithmenos.
Dithmenos was exalted by your worship.
You were a fearsome dragon!
You visited 4 branches of the dungeon, and saw 22 of its levels.
You also visited: Sewer and Bailey.

You collected 2040 gold pieces.
You spent 986 gold pieces at shops.

Inventory:

Hand Weapons
 h - a +4 dagger of protection (melded)
 n - a +5 dagger
 y - a +2 quick blade of flaming
 Q - a +0 demon trident
Missiles
 f - 64 poisoned darts
Armour
 e - the +4 robe of the Beginning (melded) {+Blink Str+2}
   (You took it off a kobold in a bailey)

   Str:       It affects your strength (+2).
   +Blink:    It lets you blink.
 w - a +2 robe of positive energy
 x - a +2 hat of willpower (melded)
 F - a +0 buckler
 G - a +2 cloak of stealth (melded)
Jewellery
 b - a ring of flight
 m - a ring of willpower (left foreclaw)
 o - an amulet of regeneration (around neck)
 z - a +4 ring of slaying (right foreclaw)
 J - an amulet of reflection
 K - an amulet of magic regeneration
 O - a ring of protection from fire
Wands
 c - a wand of polymorph (14)
 B - a wand of roots (43)
 E - a wand of flame (42)
 H - a wand of mindburst (19) (quivered)
Scrolls
 g - 5 scrolls of poison
 i - 4 scrolls of amnesia
 k - 3 scrolls of magic mapping
 q - a scroll of blinking
 v - 5 scrolls of teleportation
 A - 2 scrolls of fog
 D - a scroll of butterflies
 M - a scroll of immolation
 N - 2 scrolls of enchant armour
 S - 3 scrolls of vulnerability
Potions
 a - 2 potions of brilliance
 d - 7 potions of flight
 j - 4 potions of mutation
 l - 8 potions of curing
 p - a potion of magic
 r - 6 potions of lignification
 s - 3 potions of cancellation
 t - 4 potions of haste
 u - 2 potions of berserk rage
 C - 5 potions of heal wounds
 I - 3 potions of attraction
 P - 4 potions of might
 U - a potion of resistance
Miscellaneous
 L - a tin of tremorstones (2/2)
 R - a lightning rod (4/4)


   Skills:
 + Level 6.6 Fighting
 + Level 9.8 Short Blades
 + Level 11.7 Dodging
 + Level 14.0 Stealth
 + Level 10.7 Spellcasting
 + Level 8.8 Hexes
 * Level 14.5 Transmutations
 - Level 4.0 Ice Magic
 * Level 8.8 Air Magic
 - Level 4.7 Poison Magic


You had 2 spell levels left.
You knew the following spells:

 Your Spells              Type           Power      Damage    Failure   Level
a - Ensorcelled Hibernat  Hex/Ice        76%        N/A       1%          2
b - Confusing Touch       Hex            48%        N/A       1%          3
c - Tukima's Dance        Hex            48%        N/A       1%          3
d - Beastly Appendage     Tmut           100%       N/A       0%          1
e - Wereblood             Tmut           64%        N/A       1%          2
f - Spider Form           Tmut/Pois      51%        N/A       1%          3
g - Storm Form            Tmut/Air       28%        N/A       41%         7
h - Cause Fear            Hex            24%        N/A       1%          4
i - Dragon Form           Tmut           32%        N/A       13%         7

Your spell library contained the following spells:

 Spells                   Type           Power      Damage    Failure   Level
 Magic Dart               Conj           44%        1d5       6%          1
 Necrotise                Necr           44%        1d6       6%          1
 Blink                    Tloc           22%        N/A       9%          2
 Searing Ray              Conj           22%        2d5       9%          2
 Dazzling Flash           Conj/Hex       58%        N/A       3%          3
 Fulminant Prism          Conj/Hex       14%        3d8       10%         4
 Gell's Gravitas          Tloc           11%        N/A       19%         3
 Stone Arrow              Conj/Erth      22%        3d8       19%         3
 Teleport Other           Tloc           11%        N/A       19%         3
 Vampiric Draining        Necr           11%        2d6       19%         3
 Volatile Blastmotes      Fire/Tloc      22%        2d11      19%         3
 Animate Armour           Summ/Erth      22%        N/A       52%         4
 Iskenderun's Mystic Bla  Conj/Tloc      11%        2d4       52%         4
 Manifold Assault         Tloc           11%        N/A       52%         4
 Agony                    Necr           11%        N/A       86%         5
 Lee's Rapid Deconstruct  Erth           5%         3d6*      86%         5
 Dispersal                Tloc           5%         N/A       100%        6
 Lehudib's Crystal Spear  Conj/Erth      5%         10d3      100%        8
 Dragon's Call            Summ           5%         N/A       100%        9


Dungeon Overview and Level Annotations

Branches:
Dungeon (14/15)            Temple (1/1) D:7            Lair (5/5) D:10
  Swamp (0/4) Lair:3        Snake (0/4) Lair:3        Slime (0/5) Lair:4
    Orc (2/2) D:12            Elf (0/3) Orc:2         Sewer (visited)
 Bailey (visited)
 Vaults: D:13-14

Altars:
Ashenzari
Cheibriados
Dithmenos
Elyvilon
Fedhas
Gozag
Hepliaklqana
Kikubaaqudgha
Makhleb
Nemelex Xobeh
Okawaru
Qazlal
Ru
Sif Muna
Trog
Uskayaw
Vehumet
Wu Jian
Xom
Yredelemnul
Zin
The Shining One
Jiyva
Lugonu

Shops:
D:7 ?   D:11 ?([::   D:12 ([   Orc:2 (*((!

Portals:
Abyss: D:4

Annotations:
D:8 2 transporters, Pepete's ghost, novice OpFE


Innate Abilities, Weirdness & Mutations

You are a fearsome dragon!
You have a powerful clawing attack.
Your giant scaled body is strong and resiliant, but less evasive.
You can breathe fire.
You are flying.
Your maximum health is greatly increased.
Your armour is entirely melded.
You are incapable of wielding weapons or throwing items.
You are very small and have problems with some larger weapons.
You are too small for most types of armour.
You have supernaturally acute eyesight. (SInv)
((You cover ground extremely quickly. (Speed+++)))


Message History

Found a +0 arbalest.
You barely miss the orc knight.
The orc knight shouts!
Your shadow barely misses the orc knight.
The orc knight shouts!
You hear a shout!
The orc knight unwields a +0 arbalest.
The orc knight wields a +0 broad axe.
The orc knight hits you with a +0 broad axe!
You barely miss the orc knight. You tail-slap the orc knight.
The orc knight is lightly wounded.
Your shadow hits the orc knight but does no damage.
The orc knight shoots a bolt.
The bolt closely misses you. The orc knight misses you.
You barely miss the orc knight.
The orc knight is lightly wounded.
Your shadow closely misses the orc knight.
The orc warrior hits you with a +0 scimitar!
The orc knight hits you with a +0 broad axe!!
You bite the orc knight!!
Your tail-slap misses the orc knight.
The orc knight is moderately wounded.
Your shadow misses the orc knight.
The orc knight shoots a bolt.
The bolt hits you but does no damage. The orc warrior closely misses you.
The orc knight misses you.
You bite the orc knight!! You tail-slap the orc knight.
The orc knight is severely wounded.
The orc knight shoots a bolt.
The bolt hits you!!
You emit a cloud of dark smoke.
The orc warrior hits you with a +0 scimitar.
The orc knight hits you with a +0 broad axe.
You closely miss the orc knight. You bite the orc knight.
The orc knight is severely wounded.
Your shadow barely misses the orc knight.
The orc warrior barely misses you.
The orc knight hits you with a +0 broad axe!
The orc knight roars a battlecry!
The orcs go into a battle-frenzy!
The orc warrior hits you with a +0 scimitar!!
* * * LOW HITPOINT WARNING * * *
The orc knight unwields a +0 broad axe.
The orc knight wields a +0 arbalest.
The orc knight shoots a bolt.
The bolt hits you!
You die...

....................o.)...###..##
..##...###...##..##..##))†.#####
.....≈≈# #≈≈..........##))..#*
....≈≈≈# *≈≈≈..........#..)).#
..≈≈≈≈#####≈≈≈≈........o..#.##
≈≈≈≈####∩####≈≈≈≈......#).#.#*
≈≈≈####...####≈§§§.....#.....*
........∩......§§o....)......#*
........∩......§D§o...o...#...*
≈≈≈####...####≈≈§≈§....#..##.##
≈≈≈≈####∩####≈≈≈≈oo....#,,****
..≈≈≈≈#####≈≈≈≈..........,*
....≈≈≈# #≈≈≈..........#.,*
.....≈≈# #≈≈..........##,,*
..##...###...##..##..##,,,*
.........)........,...,,,**
.................,,,,,,,**


You could see 2 orc knights and 3 orc warriors.

Vanquished Creatures
  Jorgrun (D:13)
  Gastronok (D:9)
  Snorg (D:10)
  4 hydras
  2 boulder beetles
  A two-headed ogre (D:12)
  A merfolk avatar (Lair:5)
  4 skysharks
  A sea snake (Lair:5)
  A lindwurm (Lair:3)
  An orc knight (Orc:1)
  3 manticores
  Joseph (D:7)
  A torpor snail (Lair:2)
  Maurice (D:8)
  16 elephants
  A gargoyle (D:12)
  5 black mambas
  2 rime drakes
  11 komodo dragons
  18 cane toads
  A troll (D:12)
  Grinder (D:5)
  5 polar bears
  A hornet (D:9)
  Prince Ribbit (D:6)
  2 snapping turtles (Lair:5)
  2 dream sheep (Lair:2)
  3 slime creatures (D:12)
  20 blink frogs
  Sigmund (D:6)
  2 wraiths
  49 yaks
  4 wyverns
  2 basilisks (Lair:5)
  Grum (D:8)
  2 steam dragons
  8 vampire mosquitoes
  Menkaure (D:5)
  2 wargs (Orc:1)
  Edmund (D:5)
  3 nagas (Lair:3)
  7 water moccasins
  6 ice beasts
  3 sky beasts (D:7)
  2 black bears
  The ghost of BaconRulez the Trooper, an amateur HOFi (D:3)
  23 orc warriors
  8 ogres
  16 wolves
  9 centaurs
  3 kobold brigands
  3 phantoms
  10 bullfrogs
  A gnoll sergeant (D:10)
  7 scorpions
  8 wights
  4 killer bees (D:8)
  4 howler monkeys
  2 hounds
  A jelly (D:5)
  Crazy Yiuf (D:5)
  8 orc priests
  4 iguanas
  17 orc wizards
  6 gnolls
  17 adders
  6 river rats (Sewer)
  13 white imps
  2 worms
  2 dart slugs
  44 orcs
  18 ball pythons
  3 endoplasms
  7 giant cockroaches
  9 goblins
  7 hobgoblins
  7 jackals
  5 quokkas
  10 bats
  3 frilled lizards
  33 kobolds
  25 rats
554 creatures vanquished.

Vanquished Creatures (collateral kills)
  3 orc warriors
  4 centaurs
  2 wights (D:6)
  3 gnolls (D:10)
  4 orcs
  4 kobolds
20 creatures vanquished.

Vanquished Creatures (others)
  14 dancing weapons
14 creatures vanquished.

Grand Total: 588 creatures vanquished

Notes
Turn   | Place    | Note
-------+----------+-------------------------------------------
     0 | D:1      | LynnLen the Spriggan Enchanter began the quest for the Orb.
     0 | D:1      | Reached XP level 1. HP: 9/9 MP: 5/5
   425 | D:1      | Reached XP level 2. HP: 13/13 MP: 6/6
   432 | D:1      | Learned a level 2 spell: Ensorcelled Hibernation
  1131 | D:2      | Reached XP level 3. HP: 15/16 MP: 8/8
  1135 | D:2      | Learned a level 3 spell: Confusing Touch
  1139 | D:2      | Learned a level 3 spell: Tukima's Dance
  1310 | D:2      | Reached skill level 1 in Ice Magic
  1445 | D:2      | Reached XP level 4. HP: 21/21 MP: 10/10
  1610 | D:2      | Reached skill level 5 in Stealth
  2129 | D:3      | Found a large runed translucent door.
  2138 | D:3      | Found a large runed translucent door.
  2141 | D:3      | Noticed BaconRulez's ghost (amateur HOFi)
  2419 | D:3      | Found a sacrificial altar of Ru.
  2655 | D:3      | Found a glowing drain.
  2662 | Sewer    | Entered a sewer
  2739 | Sewer    | Reached XP level 5. HP: 23/24 MP: 8/11
  2970 | Sewer    | Reached skill level 5 in Hexes
  3494 | Sewer    | Reached XP level 6. HP: 25/28 MP: 4/12
  4282 | D:3      | Killed BaconRulez's ghost
  4693 | D:4      | Found a glowing golden altar of the Shining One.
  4725 | D:4      | Reached XP level 7. HP: 32/32 MP: 11/14
  4865 | D:4      | Found a large runed translucent door.
  4866 | D:4      | Found a large runed translucent door.
  4866 | D:4      | Found a corrupted altar of Lugonu.
  4883 | D:4      | Found a one-way gate to the infinite horrors of the Abyss.
  5112 | D:5      | Entered Level 5 of the Dungeon
  5112 | D:5      | Noticed Grinder
  5126 | D:5      | Killed Grinder
  5148 | D:5      | Noticed Edmund
  5178 | D:5      | Killed Edmund
  5349 | D:5      | Reached skill level 5 in Dodging
  5454 | D:5      | Reached XP level 8. HP: 35/36 MP: 10/15
  5595 | D:5      | Found an iron altar of Okawaru.
  5701 | D:5      | Noticed Menkaure
  5717 | D:5      | Killed Menkaure
  5736 | D:5      | Learned a level 1 spell: Beastly Appendage
  5767 | D:5      | Found a runed translucent door.
  5768 | D:5      | Noticed Crazy Yiuf
  5775 | D:5      | Killed Crazy Yiuf
  5828 | D:5      | Reached skill level 5 in Spellcasting
  5843 | D:5      | Reached skill level 1 in Transmutations
  6123 | D:5      | Found a white marble altar of Elyvilon.
  6328 | D:5      | Reached skill level 1 in Fighting
  6826 | D:6      | Noticed Sigmund
  6832 | D:6      | Killed Sigmund
  6951 | D:6      | Reached XP level 9. HP: 41/41 MP: 15/18
  6964 | D:6      | Learned a level 2 spell: Wereblood
  6968 | D:6      | Learned a level 3 spell: Spider Form
  7116 | D:6      | Reached skill level 1 in Poison Magic
  7497 | D:6      | Noticed Prince Ribbit
  7508 | D:6      | Killed Prince Ribbit
  7509 | D:6      | Reached skill level 5 in Short Blades
  7509 | D:6      | Reached skill level 5 in Transmutations
  8098 | D:7      | Found a staircase to the Ecumenical Temple.
  8126 | Temple   | Entered the Ecumenical Temple
  8187 | Temple   | Became a worshipper of Dithmenos the Shadowed
  8435 | D:7      | Found Puqaijie's Magic Scroll Emporium.
  8443 | D:7      | Bought a scroll of enchant weapon for 112 gold pieces
  8443 | D:7      | Bought a scroll of identify for 30 gold pieces
  8443 | D:7      | Bought a scroll of identify for 30 gold pieces
  8443 | D:7      | Bought a scroll of identify for 30 gold pieces
  8443 | D:7      | Bought a scroll of identify for 30 gold pieces
  8450 | D:7      | Identified a scroll of acquirement
  8452 | D:7      | Acquired a +1 quick blade of venom
  8620 | D:7      | Noticed Joseph
  8634 | D:7      | Killed Joseph
  8635 | D:7      | Reached XP level 10. HP: 39/47 MP: 6/20
  9261 | D:8      | Noticed Maurice
  9281 | D:8      | Killed Maurice
  9303 | D:8      | Noticed Grum
  9316 | D:8      | Found a transporter.
  9319 | D:8      | Found a bloodstained altar of Trog.
  9397 | D:8      | Found a flagged portal.
  9456 | Bailey   | Entered a bailey
  9513 | Bailey   | Identified the +4 robe of the Beginning {+Blink Str+2}
  9514 | Bailey   | Reached * piety under Dithmenos
 10212 | D:8      | Found a transporter.
 10221 | D:8      | Noticed a moth of wrath
 10273 | D:8      | Killed Grum
 10296 | D:8      | Noticed Pepete's ghost (novice OpFE)
 10338 | D:8      | Learned a level 7 spell: Storm Form
 10693 | D:9      | Noticed Gastronok
 10720 | D:9      | Killed Gastronok
 10721 | D:9      | Reached skill level 10 in Stealth
 10721 | D:9      | Reached skill level 1 in Air Magic
 10984 | D:9      | Reached ** piety under Dithmenos
 11420 | D:10     | Entered Level 10 of the Dungeon
 11474 | D:10     | Noticed Snorg
 12004 | D:10     | Reached XP level 11. HP: 53/53 MP: 20/23
 12480 | D:10     | Found a staircase to the Lair.
 12755 | D:10     | Killed Snorg
 12873 | D:10     | Found an ornate altar of the Wu Jian Council.
 13340 | Lair:1   | Entered Level 1 of the Lair of Beasts
 13679 | Lair:1   | Reached *** piety under Dithmenos
 13702 | Lair:1   | Reached skill level 10 in Transmutations
 13949 | Lair:1   | Reached XP level 12. HP: 58/58 MP: 15/25
 14052 | Lair:1   | Reached skill level 5 in Air Magic
 14640 | Lair:1   | Reached skill level 5 in Fighting
 15195 | Lair:2   | Identified the +9 scimitar of Macsoci {venom, rC+ Stlth+}
 15359 | Lair:2   | Learned a level 4 spell: Cause Fear
 15385 | Lair:2   | Reached **** piety under Dithmenos
 15425 | Lair:2   | Noticed a death yak
 15426 | Lair:2   | Noticed a death yak
 15581 | Lair:2   | Found a frozen archway.
 15733 | Lair:2   | Reached skill level 10 in Dodging
 16037 | Lair:2   | Noticed a death yak
 16037 | Lair:2   | Noticed a death yak
 16123 | Lair:2   | Reached ***** piety under Dithmenos
 16843 | Lair:3   | Found a staircase to the Swamp.
 16919 | Lair:3   | Noticed a catoblepas
 16959 | Lair:3   | Noticed a death yak
 17116 | Lair:3   | Reached XP level 13. HP: 64/64 MP: 27/27
 17202 | Lair:3   | Found a staircase to the Snake Pit.
 18351 | Lair:4   | Found a viscous altar of Jiyva.
 18352 | Lair:4   | Found a staircase to the Slime Pits.
 19243 | Lair:5   | Entered Level 5 of the Lair of Beasts
 19641 | Lair:5   | Reached skill level 10 in Spellcasting
 20325 | Lair:5   | Learned a level 7 spell: Dragon Form
 20546 | Lair:5   | Reached ****** piety under Dithmenos
 20635 | Lair:5   | Reached XP level 14. HP: 67/70 MP: 25/29
 21496 | D:11     | Found Sasutz's Magic Scroll Shop.
 21500 | D:11     | Bought a scroll of acquirement for 676 gold pieces
 21500 | D:11     | Bought a scroll of identify for 26 gold pieces
 21500 | D:11     | Bought 2 scrolls of identify for 52 gold pieces
 21502 | D:11     | Acquired 527 gold pieces
 21517 | D:11     | Found Fudwea's Weapon Shoppe.
 21837 | D:11     | Found Asihid's Book Shop.
 21877 | D:11     | Found Zukigh's Book Shoppe.
 21952 | D:11     | You fall into a shaft and drop 3 floors!
 22022 | D:13     | Noticed Jorgrun
 22029 | D:13     | Killed Jorgrun
 22131 | D:11     | Found Ettaczum's Armour Emporium.
 23160 | D:12     | Found an ornate altar of the Wu Jian Council.
 23190 | D:12     | Found Ymynwix's Armour Emporium.
 23192 | D:12     | Found a staircase to the Orcish Mines.
 23194 | D:12     | Found Yposi's Weapon Emporium.
 23767 | Orc:1    | Entered Level 1 of the Orcish Mines
 23872 | Orc:2    | Entered Level 2 of the Orcish Mines
 24225 | Orc:2    | Found Woewomir's Weapon Boutique.
 24914 | Orc:2    | Found a staircase to the Elven Halls.
 25469 | Orc:2    | Found Giosecie's Antique Weapon Boutique.
 25469 | Orc:2    | Found Nyakh's Weapon Shoppe.
 25471 | Orc:2    | Found Loarphusa's General Store.
 25473 | Orc:2    | Found Xirecadu's Distillery.
 25492 | Orc:2    | Shot with a bolt by an orc knight

Illustrated notes

Levels and vault maps discovered:
D:1:      amcnicky_arrival_underground_garden, layout_basic
D:2:      layout_basic, dreamdust_princess_corridor, minmay_split_cup_large
D:3:      layout_loops_ring, nicolae_overflow_hidden_temple,
          gup_sewer_entry_bubbles, ebering_ghost_disaster_area
D:4:      due_chaos_kobolds, layout_gridville,
          mainiacjoe_overflow_cross_hatched, minmay_gold_behind_fungi
D:5:      layout_basic, elyvilon_altar_3,
          hellmonk_okawaru_the_only_friend_you_need, minmay_misc_feat_columns,
          chequers_big_river, uniq_crazy_yiuf_cottage, uniq_menkaure,
          uniq_grinder, uniq_edmund
D:6:      layout_loops_cross, uniq_sigmund, uniq_prince_ribbit1
D:7:      layout_basic, minmay_temple_entry_ruins, serial_shops, shop,
          uniq_joseph
D:8:      layout_layer_cave, gammafunk_ghost_wrathful_warriors, enter_bailey_4,
          uniq_grum, uniq_maurice
D:9:      layout_loops_ring, uniq_gastronok
D:10:     layout_basic, mainiacjoe_overflow_paths,
          grunt_lair_entry_orc_guard_hut, uniq_snorg
D:11:     minmay_ice_pillars, layout_loops_corners, serial_shops, shop,
          nicolae_shop_rolling_square, shop, shop, shop, minmay_strange_pillars
D:12:     layout_cave_pods, orc_david_3, nzn_wu_jian_council_hall
D:13:     layout_cave_pools, ximxim_vaults_locker_room, uniq_jorgrun
D:14:     layout_gridville, fedhas_altar_1, minivault_26,
          grunt_decor_mini_mirrors, uniq_louise, uniq_azrael, uniq_rupert
Temple:   minmay_crystal_spiral_temple
Lair:1:   layout_cave_pods, cheibrodos_lair_caveside_slide
Lair:2:   layout_gridlike, portal_ice_cave_entry_imps, st_stairs_9,
          grunt_megastairs_4, serial_bayou_shore_a
Lair:3:   layout_long_grid, minmay_swamp_entry_swarm,
          nicolae_snake_entry_squirm, hangedman_lair_generics_rect
Lair:4:   layout_regular_city, slime_entry_1, st_stairs_4
Lair:5:   gammafunk_lair_ancient_temple, layout_small_grid
Orc:1:    layout_caves, gammafunk_ghost_cemetery
Orc:2:    st_orc_rangers, layout_caves, serial_shops, shop_fountains

Skill      XL: |  1  2  3  4  5  6  7  8  9 10 11 12 13 14 |
---------------+-------------------------------------------+-----
Hexes          | 4 5 6 7 8 |  8.8
Dodging        | 3 4 5 6 7 8 9 10 11 | 11.7
Spellcasting   | 3 4 5 6 7 8 9 10 | 10.7
Ice Magic      | 1 2 3 4 |  4.0
Stealth        | 5 6 7 9 10 11 12 13 14 | 14.0
Short Blades   | 2 3 4 5 6 7 8 9 |  9.8
Transmutations | 4 6 8 10 12 13 14 | 14.5
Fighting       | 1 2 3 4 5 6 |  6.6
Poison Magic   | 3 4 |  4.7
Air Magic      | 2 4 6 8 |  8.8

Action                     |  1- 3 |  4- 6 |  7- 9 | 10-12 | 13-15 || total
---------------------------+-------+-------+-------+-------+-------++-------
  Melee: Dagger            |   158 |   290 |   250 |   804 |   640 ||  2142
         Punch             |       |     4 |     5 |    16 |    11 ||    36
         Headbutt          |       |       |     7 |     9 |       ||    16
         Kick              |       |       |     6 |    12 |       ||    18
         Unarmed           |       |       |       |       |    31 ||    31
         Tailslap          |       |       |       |       |     8 ||     8
         Bite              |       |       |       |       |     3 ||     3
  Throw: Dart              |       |       |       |     1 |       ||     1
   Cast: Ensorcelled Hiber |     3 |    52 |    42 |    98 |    94 ||   289
         Confusing Touch   |       |     1 |    18 |    40 |    24 ||    83
         Tukima's Dance    |       |       |    13 |    22 |    32 ||    67
         Beastly Appendage |       |       |     2 |     3 |       ||     5
         Wereblood         |       |       |     1 |     4 |     5 ||    10
         Spider Form       |       |       |       |       |     1 ||     1
         Dragon Form       |       |       |       |       |     2 ||     2
  Evoke: Wand              |       |       |       |       |     2 ||     2
    Use: Scroll            |     4 |     6 |    13 |     8 |    11 ||    42
         Potion            |       |     3 |       |     2 |     3 ||     8
   Stab: Sleeping          |    17 |    35 |    36 |    78 |    72 ||   238
         Invisible         |       |     5 |       |       |       ||     5
         Confused          |       |     4 |    12 |    29 |    26 ||    71
         Distracted        |       |       |       |     1 |       ||     1
         Petrifying        |       |       |       |     1 |       ||     1
 Armour: Robe              |    38 |    68 |    31 |   120 |   115 ||   372
         Skin              |       |       |       |       |     2 ||     2
  Dodge: Dodged            |   181 |   344 |   130 |   686 |   718 ||  2059
